 Dungeon Crawl Stone Soup version 0.32-a0-172-gc5dd13f2a7 (webtiles) character file.

Game seed: 8501249532824402769

4477 MachoJfn the Thaumaturge (level 10, 0/81 HPs)
             Began as a Djinni Fire Elementalist on Feb 12, 2024.
             Was a Believer of Hepliaklqana.
             Slain by a vampire (9 damage)
             ... on level 9 of the Dungeon.
             The game lasted 00:27:00 (10466 turns).

MachoJfn the Thaumaturge (DjFE)                    Turns: 10466, Time: 00:27:01

Health: 0/81       AC: 29    Str:  7    XL:     10   Next: 64%
Gold:   604        EV:  2    Int: 21    God:    Hepliaklqana [**....] SH:  0 Dex: 20

rFire   + . .        v - staff of fire
rCold   . . .        (no shield)
rNeg    . . .        a - melded +0 robe
rPois   ∞            D - melded +0 helmet
rElec   .            j - melded +2 cloak
rCorr   .            (gloves currently unavailable)
SInv    .            (boots unavailable)
Will    +....        (no amulet)
Stlth   +            c - +4 ring of protection
HPRegen 0.33/turn    n - +6 ring of dexterity
MPRegen 0.00/turn

%: infuse magic (-1 HP)
@: confused, brilliant, tree-form
A: stationary, stasis, torment immunity, boosted hp, reduced essence, sickness
immunity, (fire resistance 2), (cold vulnerability 1), float, innate caster, HP
casting, extra vitality 1
a: Renounce Religion, Recall Ancestor, Ancestor Identity


You were on level 9 of the Dungeon.
You worshipped Hepliaklqana.
Hepliaklqana was pleased with you.
You were a tree.
You visited 1 branch of the dungeon, and saw 9 of its levels.
You also visited: Sewer.

You collected 604 gold pieces.

Inventory:

Hand Weapons
 m - a +3 quarterstaff of chaos
 y - a +0 scythe
Missiles
 l - 70 stones
 C - 15 poisoned darts
Armour
 a - a +0 robe (melded)
 j - a +2 cloak (melded)
 D - a +0 helmet (melded)
Magical Staves
 v - a staff of fire (weapon)
Jewellery
 c - a +4 ring of protection (left branch)
 k - a ring of positive energy
 n - a +6 ring of dexterity (right branch)
 r - a +6 ring of strength
 s - a ring of willpower
 G - a ring of positive energy
Wands
 f - a wand of flame (47)
 E - a wand of charming (9)
Scrolls
 b - 4 scrolls of teleportation
 g - 3 scrolls of vulnerability
 h - a scroll of fog
 q - 6 scrolls of identify
 t - 3 scrolls of blinking
 u - a scroll of enchant weapon
 x - a scroll of torment
 H - a scroll of noise {unknown}
Potions
 d - 4 potions of attraction
 i - a potion of degeneration
 o - 2 potions of enlightenment
 p - 4 potions of curing
 w - a potion of haste {unknown}
 B - a potion of ambrosia {unknown}
 F - a potion of might {unknown}
 I - a potion of berserk rage {unknown}


   Skills:
 - Level 0.5 Fighting
 * Level 6.0 Staves
 + Level 3.9 Dodging
 + Level 3.8 Stealth
 * Level 8.6 Spellcasting
 * Level 8.6 Conjurations
 * Level 8.6 Hexes
 * Level 8.6 Summonings
 * Level 8.6 Necromancy
 * Level 8.6 Translocations
 * Level 8.6 Fire Magic
 * Level 8.6 Ice Magic
 * Level 8.6 Air Magic
 * Level 8.6 Earth Magic
 * Level 8.6 Alchemy
 * Level 6.6 Evocations


You knew the following spells:

 Your Spells              Type           Power      Damage    Failure   Level
a - Foxfire               Conj/Fire      100%       2x1d9     1%          1
b - Scorch                Fire           100%       2d9       1%          2
c - Volatile Blastmotes   Fire/Tloc      100%       2d18      1%          3
d - Inner Flame           Hex/Fire       80%        N/A       1%          3
e - Flame Wave            Conj/Fire      80%        2d17      2%          4
f - Slow                  Hex            100%       N/A       1%          1
g - Momentum Strike       Conj/Tloc      100%       3d10      1%          2
h - Call Imp              Summ           100%       N/A       1%          2
i - Petrify               Alch/Erth      61%        N/A       2%          4
Your spell library was empty.

Dungeon Overview and Level Annotations

Branches:
Dungeon (9/15)             Temple (0/1) D:7           Sewer (visited)
   Lair: D:8-11         Orc: D:9-12

Altars:
Hepliaklqana

Shops:
D:4 *   D:6 :

Annotations:
D:6 2 runed translucent doors, Oneirical's ghost, novice FeWr


Innate Abilities, Weirdness & Mutations

You are a tree.
Your roots penetrate the ground, keeping you stationary.
You cannot be teleported.
You are immune to unholy pain and torment.
Your maximum health is greatly increased.
Your equipment is partially melded.
Your life essence is reduced to manifest your ancestor. (-10% HP)
You are immune to sickness and miasma.
You are immune to poison.
((Your flesh is very heat resistant. (rF++)))
((You are vulnerable to cold. (rC-)))
You float through the air rather than walking.
You learn spells naturally, not from books.
Your magical power is your life essence.
You have superior vitality. (+4 MHP)


Message History

The yak gores you but does no damage. The hornet stings you!
* * * LOW HITPOINT WARNING * * *
Casting: Scorch (safe; 1% risk of failure)
Confirm with . or Enter, or press ? or * to list all spells.
You feel a strong surge of power!
Flames lash the orc priest.
The orc priest is heavily wounded.
The orc priest's fire resistance burns away.
* * * LOW HITPOINT WARNING * * *
The hornet barely misses you. The yak gores you but does no damage.
The hornet stings you but does no damage.
Casting: Scorch (safe; 1% risk of failure)
Confirm with . or Enter, or press ? or * to list all spells.
Casting: Flame Wave (dangerous; 2% risk of failure)
Press: ? - help, Dir - look around, f - activate You feel a strong surge of power!
A wave of flame ripples out!
The flame wave engulfs the hornet!
The hornet is burned terribly!
You kill the hornet!
The flame wave engulfs the yak!!
The yak is burned terribly!
The yak is almost dead. (Press . to intensify the flame waves.)
* * * LOW HITPOINT WARNING * * *
The yak gores you but does no damage.
Your Staves skill increases to level 6!
A wave of flame ripples out!
The flame wave engulfs the orc priest!!
The orc priest is burned terribly!
You kill the orc priest!
The flame wave engulfs the yak!!
The yak is burned terribly!
You kill the yak!
The flame wave engulfs something.
* * * LOW HITPOINT WARNING * * *
You hear some strange, mumbled words.
You are confused.
You hear some strange, mumbled words.
Something tries to affect you, but you resist.
You cannot move. (Use ctrl+direction or * direction to attack while stationary and confused.)
You cannot move. (Use ctrl+direction or * direction to attack while stationary and confused.)
You cannot move. (Use ctrl+direction or * direction to attack while stationary and confused.)
You start resting.
Something hits you!
You die...
Hepliaklqana delivers you to your ancestors.

#.. ... #.#
... #.# ..
#.# ..
#####.# )#
....^# )#
#..##)#####.
#.♣)..))....
#<..........
##.#########
#... #####


There were no monsters in sight!

Vanquished Creatures
  Maggie (D:6)
  Jeremiah (D:6)
  A hornet (D:9)
  Sigmund (D:6)
  A yak (D:9)
  Eustachio (D:6)
  2 wyverns
  A water moccasin (D:5)
  A sky beast (D:8)
  2 ice beasts
  2 ogres
  A phantom (D:4)
  A kobold brigand (D:8)
  4 bullfrogs
  A gnoll sergeant (D:9)
  4 wights (D:7)
  4 howler monkeys (D:7)
  2 electric eels (D:3)
  A bombardier beetle (D:5)
  4 jellies
  3 orc priests
  3 hounds
  Crazy Yiuf (D:3)
  2 iguanas
  A river rat (D:6)
  9 adders
  11 gnolls
  3 shadow imps
  A white imp (D:7)
  12 dart slugs
  2 ribbon worms
  19 orcs
  12 ball pythons
  8 endoplasms
  10 giant cockroaches
  9 goblins
  9 hobgoblins
  A jackal (D:4)
  2 quokkas
  9 bats
  16 frilled lizards
  10 kobolds
  8 rats
197 creatures vanquished.

Vanquished Creatures (collateral kills)
  Erolcha (D:9)
  A sky beast (D:7)
  A howler monkey (D:7)
  A sleepcap (D:6)
  An adder (D:6)
  A dart slug (Sewer)
  2 orcs (D:7)
  2 giant cockroaches (Sewer)
  3 kobolds (D:8)
  A foxfire (D:3)
14 creatures vanquished.

Vanquished Creatures (others)
  A battlemage (D:9)
  An ancestor (D:7)
  654 foxfires
656 creatures vanquished.

Grand Total: 867 creatures vanquished

Notes
Turn   | Place    | Note
-------+----------+-------------------------------------------
     0 | D:1      | MachoJfn the Djinni Fire Elementalist began the quest for
                  | the Orb.
     0 | D:1      | MachoJfn set off with the following spells memorised:
                  | Foxfire, Scorch, Volatile Blastmotes, Inner Flame, Flame
                  | Wave.
     0 | D:1      | Reached XP level 1. HP: 15/15 MP: 0/0
    56 | D:1      | Reached XP level 2. HP: 11/21 MP: 0/0
   165 | D:1      | Reached XP level 3. HP: 23/25 MP: 0/0
   165 | D:1      | Learned a level 1 spell: Slow
  1294 | D:2      | Reached XP level 4. HP: 30/31 MP: 0/0
  2455 | D:2      | Reached XP level 5. HP: 34/35 MP: 0/0
  2455 | D:2      | Learned a level 2 spell: Momentum Strike
  3440 | D:3      | Found a transporter.
  3453 | D:3      | Found a transporter.
  3479 | D:3      | Reached XP level 6. HP: 34/40 MP: 0/0
  4019 | D:3      | Found a runed translucent door.
  4020 | D:3      | Noticed Crazy Yiuf
  4245 | D:3      | Paralysed by Crazy Yiuf for 1 turns
  4246 | D:3      | Killed Crazy Yiuf
  5190 | D:4      | Reached skill level 5 in Spellcasting
  5190 | D:4      | Reached skill level 5 in Conjurations
  5190 | D:4      | Reached skill level 5 in Hexes
  5190 | D:4      | Reached skill level 5 in Summonings
  5190 | D:4      | Reached skill level 5 in Necromancy
  5190 | D:4      | Reached skill level 5 in Translocations
  5190 | D:4      | Reached skill level 5 in Fire Magic
  5190 | D:4      | Reached skill level 5 in Ice Magic
  5190 | D:4      | Reached skill level 5 in Air Magic
  5190 | D:4      | Reached skill level 5 in Earth Magic
  5190 | D:4      | Reached skill level 5 in Alchemy
  5688 | D:4      | Noticed an ogre
  5695 | D:4      | Killed an ogre
  5696 | D:4      | Reached XP level 7. HP: 40/45 MP: 0/0
  5696 | D:4      | Learned a level 2 spell: Call Imp
  5786 | D:4      | Identified the serpent talisman "Dudan" {*Corrode rElec
                  | Str+3 Int+6}
  5925 | D:4      | Found Eproet's Serpentskin Sales.
  6009 | D:4      | Found a hazy altar of Hepliaklqana.
  6016 | D:4      | Became a worshipper of Hepliaklqana the Forgotten
  6043 | D:5      | Entered Level 5 of the Dungeon
  6604 | D:5      | Noticed a water moccasin
  6609 | D:5      | Killed a water moccasin
  6610 | D:5      | Reached skill level 1 in Staves
  6610 | D:5      | Reached skill level 1 in Evocations
  6610 | D:5      | Reached XP level 8. HP: 47/51 MP: 0/0
  6984 | D:5      | Upgraded the game from 0.32-a0-163-g159c032296 to
                  | 0.32-a0-172-gc5dd13f2a7
  7025 | D:6      | Noticed Maggie
  7032 | D:6      | Noticed Eustachio
  7039 | D:6      | Killed Maggie
  7049 | D:6      | Killed Eustachio
  7212 | D:6      | Reached * piety under Hepliaklqana
  7219 | D:6      | Reached XP level 9. HP: 47/50 MP: 0/0
  7219 | D:6      | Learned a level 4 spell: Petrify
  7301 | D:6      | Found a glowing drain.
  7338 | D:6      | Found a large runed translucent door.
  7379 | Sewer    | Entered a sewer
  7755 | D:6      | Found a large runed translucent door.
  7757 | D:6      | Noticed Oneirical's ghost (novice FeWr)
  7767 | D:6      | Noticed Jeremiah
  7783 | D:6      | Killed Jeremiah
  8256 | D:6      | Noticed Sigmund
  8257 | D:6      | Found Fieth's Vocational Training.
  8261 | D:6      | Killed Sigmund
  9064 | D:7      | Reached skill level 5 in Evocations
  9252 | D:7      | Found a staircase to the Ecumenical Temple.
  9293 | D:7      | Reached XP level 10. HP: 46/54 MP: 0/0
  9395 | D:7      | Reached ** piety under Hepliaklqana
  9396 | D:7      | Remembered your ancestor Khabaw as a battlemage
  9556 | D:7      | Reached skill level 5 in Staves
 10430 | D:9      | Noticed Erolcha
 10438 | D:9      | Killed Erolcha
 10466 | D:9      | Slain by a vampire

Illustrated notes

Levels and vault maps discovered:
D:1:      mrwooster_arrival_statue_2, layout_basic
D:2:      layout_basic
D:3:      gammafunk_steamed_eel, layout_loops_corners, grunt_decor_clamped,
          uniq_crazy_yiuf_cottage
D:4:      kennysheep_spiral_hall, layout_rooms, kennysheep_mini,
          guppyfry_shop_venom
D:5:      lemuel_ice_spiral_2, layout_basic
D:6:      layout_basic, gup_sewer_entry_bubbles, ebering_ghost_disaster_area,
          minivault_11, nicolae_shop_vocational, uniq_maggie, uniq_eustachio,
          uniq_jeremiah, uniq_sigmund
D:7:      layout_loops_cross, minmay_temple_entry_hall
D:8:      layout_basic, serial_aquarium, aquarium_bridge_island_large
          [aquarium_subvault_large_water, aquarium_subvault_window,
          aquarium_subvault_bridge, aquarium_subvault_window,
          aquarium_subvault_window], aquarium_window_corridor_2,
          aquarium_window_1, aquarium_view_2c, aquarium_view_2c,
          aquarium_balcony_1a
D:9:      layout_loops_ring, nicolae_uskayaw_en_pointe, david_orc_4,
          st_stairs_5, nrook_pool_corridor, uniq_erolcha

Skill      XL: |  1  2  3  4  5  6  7  8  9 10 |
---------------+-------------------------------+-----
Stealth        | 2 3 |  3.8
Dodging        | 3 |  3.9
Spellcasting   | 4 5 6 7 8 |  8.6
Conjurations   | 4 5 6 7 8 |  8.6
Hexes          | 4 5 6 7 8 |  8.6
Summonings     | 4 5 6 7 8 |  8.6
Necromancy     | 4 5 6 7 8 |  8.6
Translocations | 4 5 6 7 8 |  8.6
Fire Magic     | 4 5 6 7 8 |  8.6
Ice Magic      | 4 5 6 7 8 |  8.6
Air Magic      | 4 5 6 7 8 |  8.6
Earth Magic    | 4 5 6 7 8 |  8.6
Alchemy        | 4 5 6 7 8 |  8.6
Staves         | 1 3 4 6 |  6.0
Evocations     | 1 3 5 6 |  6.6
Fighting       | |  0.5

Action                     |  1- 3 |  4- 6 |  7- 9 | 10-12 || total
---------------------------+-------+-------+-------+-------++-------
  Melee: Unarmed           |       |     1 |       |       ||     1
         Staff             |       |       |     1 |       ||     1
   Cast: Foxfire           |    83 |   168 |   156 |    19 ||   426
         Scorch            |     1 |    21 |    80 |    26 ||   128
         Slow              |     1 |       |       |       ||     1
         Flame Wave        |       |     3 |       |     4 ||     7
 Invoke: Ancestor Identity |       |       |     1 |     1 ||     2
         Ancestor Life: Ba |       |       |       |     1 ||     1
    Use: Scroll            |     1 |     9 |       |       ||    10
         Potion            |       |       |     1 |     3 ||     4
 Armour: Robe              |     3 |     9 |    19 |     8 ||    39
         Skin              |       |       |       |    19 ||    19
  Dodge: Dodged            |     3 |    12 |    27 |    15 ||    57

Table legend: (Time is in decaauts)
 A = Elapsed time spent in this place.
 B = Non-inter-level travel time spent in this place.
 C = Inter-level travel time spent in this place.
 D = Time resting spent in this place.
 E = Time spent auto-exploring this place.
 F = Levels seen in this place.
 G = Mean time per level.
                   A        B        C        D        E       F      G
               +--------+--------+--------+--------+--------+-----+--------+
         Total |  10462 |   9334 |   1128 |   1170 |   6441 |  10 | 1046.2 |
       Dungeon |  10126 |   8998 |   1128 |   1118 |   6304 |   9 | 1125.1 |
         Sewer |    335 |    335 |      0 |     52 |    137 |   1 |  335.0 |
               +--------+--------+--------+--------+--------+-----+--------+

Top non-repeatable levels by time:
     D:3: 1952 daAuts
     D:2: 1949 daAuts
     D:1: 1278 daAuts
     D:6: 1200 daAuts
     D:7: 1024 daAuts
     D:5: 973 daAuts
     D:4: 860 daAuts
     D:8: 846 daAuts
   Sewer: 335 daAuts
     D:9: 39 daAuts
